 Dungeon Crawl Stone Soup version 0.30-a0-137-gd8773701ce (webtiles) character file.

Game seed: 2912232268150379357

262 LnG the Caller (level 6, 0/34 HPs)
             Began as a Kobold Summoner on Sept 21, 2022.
             Killed by divine providence
             ... invoked by an orc priest
              (16 damage)
             ... on level 3 of the Dungeon.
             The game lasted 00:14:28 (4273 turns).

LnG the Caller (Kobold Summoner)                    Turns: 4273, Time: 00:14:28

Health: 0/34       AC:  4    Str:  5    XL:     6   Next: 42%
Magic:  9/11       EV: 15    Int: 18    God:
Gold:   159        SH:  0    Dex: 16    Spells: 3/12 levels left

rFire   . . .      SeeInvis .    g - +0 dagger
rCold   + . .      Faith    .    (no shield)
rNeg    . . .      Spirit   .    a - +0 robe
rPois   .          Reflect  .    (no helmet)
rElec   .          Harm     .    n - +1 cloak
rCorr   .          Rampage  .    (no gloves)
Will    .....                    (no boots)
Stlth   ++++......               q - amulet of magic regeneration
HPRegen 0.11/turn                p - ring of protection from cold
MPRegen 0.52/turn                (no ring)

@: no status effects
A: small, no large weapons, nightstalker 3
a: no special abilities


You were on level 3 of the Dungeon.
You visited 1 branch of the dungeon, and saw 3 of its levels.

You collected 187 gold pieces.
You spent 28 gold pieces at shops.

Inventory:

Hand Weapons
 g - a +0 dagger (weapon)
Armour
 a - a +0 robe (worn)
 n - a +1 cloak (worn)
Jewellery
 p - a ring of protection from cold (left hand)
 q - an amulet of magic regeneration (around neck)
Wands
 e - a wand of digging (4)
Scrolls
 f - a scroll of teleportation
 l - a scroll of poison {unknown}
 o - a scroll of summoning {unknown}
Potions
 b - a potion of magic
 c - a potion of ambrosia {unknown}
 h - a potion of resistance {unknown}
 i - 2 potions of brilliance {unknown}
 j - a potion of cancellation {unknown}
 k - a potion of degeneration {unknown}
 m - 2 potions of haste {unknown}
 r - a potion of heal wounds {unknown}
 s - 2 potions of mutation {unknown}


   Skills:
 + Level 1.1 Fighting
 + Level 2.0 Short Blades
 + Level 3.1 Dodging
 + Level 4.7 Stealth
 + Level 3.7 Spellcasting
 + Level 5.1 Summonings


You had 3 spell levels left.
You knew the following spells:

 Your Spells              Type           Power      Damage    Failure   Level
a - Summon Small Mammal   Summ           88%        N/A       1%          1
b - Call Imp              Summ           22%        N/A       2%          2
c - Call Canine Familiar  Summ           22%        N/A       5%          3
d - Summon Guardian Gole  Hex/Summ       12%        N/A       16%         3

Your spell library contained the following spells:

 Spells                   Type           Power      Damage    Failure   Level
 Portal Projectile        Hex/Tloc       6%         N/A       41%         3
 Tukima's Dance           Hex            3%         N/A       41%         3
 Summon Lightning Spire   Summ/Air       12%        N/A       45%         4
 Blade Hands              Tmut           1%         N/A       99%         5


Dungeon Overview and Level Annotations

Branches:
Dungeon (3/15)

Altars:
Fedhas

Shops:
D:3 ?


Innate Abilities, Weirdness & Mutations

You are small and have problems with some larger weapons.
You are completely attuned to the shadows.


Message History

Your hound bites something.
Something hits your hound.
Unknown command.
Casting: Call Imp (safe; 2% risk of failure)
Confirm with . or Enter, or press ? or * to list all spells.
The spell is quite dangerous to miscast (16% risk of failure)!
Continue anyway?
A guardian golem appears, shielding your allies.
Your hound barely misses something.
A puff of flame appears from out of thin air!
The puff of flame hits your hound!
Your hound dies!
Your hound's corpse disappears in a puff of smoke!
Casting: Summon Guardian Golem (quite dangerous; 16% risk of failure)
Confirm with . or Enter, or press ? or * to list all spells.
You hear a shout!
You hear some strange, mumbled words.
A puff of flame appears from out of thin air!
The puff of flame hits you!
You swap places.
Your crimson imp closely misses something.
Something hits your crimson imp.
The orc priest calls down the wrath of Beogh upon you.
Beogh smites you!
Your crimson imp closely misses something.
Unknown command.
You swap places.
Something misses your crimson imp.
Your crimson imp hits something.
Reactivating autopickup.
You feel a bit more experienced.
Your Dodging skill increases to level 3!
Your crimson imp barely misses the orc priest.
Unknown command.
The orc priest hits your crimson imp with a +0 dagger.
Your crimson imp closely misses the orc priest.
Unknown command.
The orc priest hits your crimson imp with a +0 dagger.
Your crimson imp blinks!
Unknown command.
Your hound bites the orc priest.
The orc priest mumbles some strange prayers to Beogh against you.
Beogh smites you!
You die...

###.### #.### #...#
###.# #...# .. #.#
#..o#... #.#
#..§#§.. #.######
#....... #......#
######)##.
######.###@.hoo.....
#..5.9#########
#######


You could see an orc priest (ally target), an orc, a friendly guardian golem
(summoned), a friendly hound (summoned, sheltered) and a friendly crimson imp
(summoned, sheltered).

Vanquished Creatures
  3 adders
  3 bats
  5 endoplasms
  5 giant cockroaches
  3 goblins
  7 hobgoblins
  A quokka (D:1)
  5 ball pythons
  2 frilled lizards (D:2)
  4 kobolds
  4 rats
42 creatures vanquished.

Vanquished Creatures (collateral kills)
  An orc priest (D:3)
  Ijyb (D:3)
  2 orc wizards (D:3)
  3 adders
  A dart slug (D:3)
  4 orcs (D:3)
  3 ball pythons
  7 endoplasms
  7 goblins
  6 hobgoblins
  3 jackals (D:2)
  A quokka (D:2)
  2 bats
  A frilled lizard (D:1)
  3 kobolds
  2 rats (D:3)
47 creatures vanquished.

Vanquished Creatures (others)
  6 fungi (D:2)
6 creatures vanquished.

Grand Total: 95 creatures vanquished

Notes
Turn   | Place    | Note
-------+----------+-------------------------------------------
     0 | D:1      | LnG the Kobold Summoner began the quest for the Orb.
     0 | D:1      | Reached XP level 1. HP: 10/10 MP: 3/3
   278 | D:1      | Reached XP level 2. HP: 7/15 MP: 1/5
   281 | D:1      | Learned a level 2 spell: Call Imp
  1055 | D:1      | Reached XP level 3. HP: 19/19 MP: 4/7
  1059 | D:1      | Learned a level 3 spell: Call Canine Familiar
  1628 | D:2      | Reached XP level 4. HP: 14/24 MP: 4/8
  2812 | D:3      | Reached XP level 5. HP: 23/28 MP: 7/9
  2978 | D:3      | Reached skill level 1 in Short Blades
  3344 | D:3      | Found Binleec's Magic Scroll Shoppe.
  3362 | D:3      | Reached skill level 1 in Fighting
  3366 | D:3      | Bought a scroll of identify for 28 gold pieces
  3401 | D:3      | Reached XP level 6. HP: 11/34 MP: 11/11
  3612 | D:3      | Learned a level 3 spell: Summon Guardian Golem
  3728 | D:3      | Found a blossoming altar of Fedhas.
  3730 | D:3      | Noticed Ijyb
  3769 | D:3      | HP: 1/34 [constriction (3)]
  3782 | D:3      | Killed Ijyb
  4152 | D:3      | Reached skill level 5 in Summonings
  4273 | D:3      | Killed from afar by an orc priest

Illustrated notes

Levels and vault maps discovered:
D:1:      minmay_arrival_glassed_features, layout_rooms, minmay_octomino_c4
D:2:      minmay_recursive_quarters, layout_basic, roderic_lattice_a,
          hangedman_decor_growths, minmay_shallow_snake_nest
D:3:      layout_loops_cross, mainiacjoe_overflow_small_starburst, serial_shops,
          nicolae_shop_advertising_works [nicolae_subvault_shop_adworks],
          uniq_ijyb

Skill      XL: |  1  2  3  4  5  6 |
---------------+-------------------+-----
Stealth        | 3 4 |  4.7
Spellcasting   | 3 |  3.7
Short Blades   | 1 2 |  2.0
Fighting       | 1 |  1.1
Summonings     | 5 |  5.1
Dodging        | 3 |  3.1

Action                   |  1- 3 |  4- 6 || total
-------------------------+-------+-------++-------
Melee: Short sword       |    26 |       ||    26
       Unarmed           |     8 |       ||     8
       Dagger            |    27 |   108 ||   135
 Cast: Summon Small Mamm |    12 |     3 ||    15
       Call Canine Famil |     7 |    18 ||    25
       Call Imp          |     1 |     3 ||     4
       Summon Guardian G |       |     1 ||     1
  Use: Scroll            |       |     6 ||     6
 Stab: Sleeping          |    10 |    13 ||    23
       Distracted        |     1 |     2 ||     3
Armor: Robe              |     2 |    25 ||    27
Dodge: Dodged            |    44 |    79 ||   123

Table legend: (Time is in decaauts)
 A = Elapsed time spent in this place.
 B = Non-inter-level travel time spent in this place.
 C = Inter-level travel time spent in this place.
 D = Time resting spent in this place.
 E = Time spent auto-exploring this place.
 F = Levels seen in this place.
 G = Mean time per level.
                   A        B        C        D        E       F      G
               +--------+--------+--------+--------+--------+-----+--------+
         Total |   4265 |   4256 |      9 |   1478 |   1647 |   3 | 1421.7 |
       Dungeon |   4265 |   4256 |      9 |   1478 |   1647 |   3 | 1421.7 |
               +--------+--------+--------+--------+--------+-----+--------+

Top non-repeatable levels by time:
     D:3: 1465 daAuts
     D:2: 1451 daAuts
     D:1: 1349 daAuts
